AoeStats
← NAPOLEON BONAPARTE

MegaRandom

503772695Analyzed
1v1 RM · 2mo ago on Sep 2, 2026· 61m 15s· 2 players
Game mode
Random Map
Map size
Tiny (2 player)
Population
200
Speed
Normal
Resources
Standard
Victory
Conquest
Starting age
Dark Age
Ending age
Imperial Age
RankedLock teamsTeams togetherTeam positionsShared explorationLock speedFull tech treeHidden civsTurbo modeCheats
Victory
Defeat
🇺🇸 Vikings · United States
753
+11
vs
🇮🇳 Magyars · India
648
-11
NAPOLEON BONAPARTE
12:49 Feudal Age
14:22 Double-Bit Axe
14:18 Horse Collar
14:29 Gold Mining
16:19 Man-at-Arms
22:51 Castle Age
24:59 Bow Saw
24:48 Crossbowman
25:20 Pikeman
26:42 Fletching
26:33 Long Swordsman
31:11 Forging
31:04 Bodkin Arrow
32:40 Ballistics
32:39 Loom
40:05 Imperial Age
39:18 Scale Mail Armor
39:54 Iron Casting
39:19 Padded Archer Armor
39:14 Treadmill Crane
42:54 Two-Man Saw
41:47 Arbalester
44:32 Gold Shaft Mining
44:08 Gambesons
44:24 Squires
47:37 Blast Furnace
46:40 Bracer
51:01 Chain Mail Armor
51:01 Leather Archer Armor
51:50 Chemistry
50:57 Siege Engineers
Surgeon Of Death
3:54 Loom
12:46 Feudal Age
16:42 Bloodlines
17:06 Scale Barding Armor
25:50 Castle Age
26:01 Light Cavalry
27:05 Chain Barding Armor
28:32 Husbandry
38:16 Wheelbarrow
44:41 Hand Cart
47:08 Imperial Age
44:25 Town Watch
47:13 Elite Magyar Huszar
49:32 Plate Barding Armor
49:58 Double-Bit Axe
57:47 Hussar
Connection lost

Rejoining the realm…

Still unreachable

The connection could not be restored.

Session expired

The server has moved on; the page needs a fresh start.